 Dungeon Crawl Stone Soup version 0.24.0-123-gd5b16e6ec5 (webtiles) character file.

Game seed: 13662428162097690140, levelgen mode: deterministic

585 chriswess the Chopper (level 7, -2/61 HPs)
             Began as a Minotaur Fighter on Jan 2, 2020.
             Slain by Grinder (4 damage)
             ... while paralysed by Grinder
             ... on level 4 of the Dungeon.
             The game lasted 00:11:47 (3233 turns).

chriswess the Chopper (Minotaur Fighter)            Turns: 3233, Time: 00:11:47

Health: -2/61      AC:  8    Str: 22    XL:     7   Next: 14%
Magic:  6/6        EV:  2    Int:  5    God:
Gold:   252        SH:  0    Dex: 10    Spells: 6/6 levels left

rFire    . . .     SeeInvis .   a - +0 war axe
rCold    . . .     Gourm    .   c - +0 shield
rNeg     . . .     Faith    .   b - +0 scale mail
rPois    .         Spirit   .   (helmet restricted)
rElec    .         Reflect  .   (no cloak)
rCorr    .         Harm     .   (no gloves)
MR       .....                  q - +0 pair of boots
Stlth    ..........             (no amulet)
HPRegen  0.20/turn              (no ring)
MPRegen  0.10/turn              (no ring)

@: paralysed
A: retaliatory headbutt, horns 2
a: no special abilities


You were on level 4 of the Dungeon.
You were not hungry.

You visited 1 branch of the dungeon, and saw 4 of its levels.

You collected 252 gold pieces.

Inventory:

Hand Weapons
 a - a +0 war axe (weapon)
 s - a +1 antimagic whip
Missiles
 e - 43 poisoned darts (quivered)
Armour
 b - a +0 scale mail (worn)
 c - a +0 shield (worn)
 q - a +0 pair of boots (worn)
Jewellery
 h - a cursed -3 ring of intelligence {unknown}
 n - an uncursed amulet of the gourmand {unknown}
Wands
 o - a wand of clouds (2)
Scrolls
 g - a scroll of enchant armour {unknown}
 i - 2 scrolls of teleportation {unknown}
 j - a scroll of remove curse {unknown}
 k - 6 scrolls of identify {unknown}
 m - a scroll of immolation {unknown}
Potions
 d - a potion of might
 l - 2 potions of curing {unknown}
 p - 2 potions of magic {unknown}
Comestibles
 f - 7 rations
 r - 3 chunks of flesh


   Skills:
 + Level 5.2 Fighting
 * Level 5.8 Axes
 + Level 2.6 Throwing
 + Level 5.1 Armour
 + Level 5.2 Shields


You had 6 spell levels left.
You didn't know any spells.
Your spell library was empty.

Dungeon Overview and Level Annotations

Branches:
Dungeon (4/15)
 Temple: D:4-7

Altars:
Ashenzari

Annotations:
D:4 Grinder


Innate Abilities, Weirdness & Mutations

You reflexively headbutt those who attack you in melee.
You have a pair of horns on your head.


Message History

Grinder hits you.
You writhe in agony.
The howler monkey hits you.
You hit Grinder.
Grinder is heavily wounded.
You barely miss the howler monkey. Grinder gestures at you.
You suddenly lose the ability to move!
The howler monkey hits you but does no damage.
The howler monkey hits you but does no damage.
Grinder gestures at you. Pain shoots through your body!
* * * LOW HITPOINT WARNING * * *
The howler monkey hoots and howls with incredible vigour!
Grinder hits you.
* * * LOW HITPOINT WARNING * * *
The howler monkey hits you.
* * * LOW HITPOINT WARNING * * *
Grinder hits you.
* * * LOW HITPOINT WARNING * * *
You writhe in agony.
You die...

######.............
............#######
#..............##
#######.##......###
#..######..... #.##
#..### #.# ##..#
#.########[####
##.#
#....h@.......##
#.#
......5.###.##..#
#.## ........#
#.###.#####...
........#
#.##........#> #.
..#######
#.##........#.
####. #
..##........#.
#....
#.######.....#.
###....
#.####.........
..<....
#..............


You could see Grinder and a howler monkey.

Vanquished Creatures
  2 phantoms
  An ogre (D:4)
  A scorpion (D:4)
  An orc priest (D:4)
  A centaur skeleton (D:2)
  A worker ant (D:4)
  3 gnolls
  7 adders
  4 worms
  6 dart slugs
  2 leopard geckos
  3 orcs (D:4)
  4 ball pythons
  3 giant cockroaches (D:3)
  13 goblins
  7 hobgoblins
  6 jackals (D:2)
  6 kobolds
  2 quokkas
  A ball python skeleton (D:4)
  8 bats
  6 frilled lizards
  3 rats
91 creatures vanquished.

Notes
Turn   | Place    | Note
-------+----------+-------------------------------------------
     0 | D:1      | chriswess the Minotaur Fighter began the quest for the Orb.
     0 | D:1      | Reached XP level 1. HP: 19/19 MP: 0/0
   220 | D:1      | Reached XP level 2. HP: 27/27 MP: 1/1
   784 | D:2      | Reached XP level 3. HP: 31/33 MP: 2/2
   796 | D:2      | Reached skill level 1 in Throwing
   825 | D:2      | Reached XP level 4. HP: 35/40 MP: 3/3
  1017 | D:2      | Noticed a phantom
  1049 | D:2      | Killed a phantom
  1049 | D:2      | Reached XP level 5. HP: 27/47 MP: 4/4
  2085 | D:3      | Found a shattered altar of Ashenzari.
  2222 | D:3      | Reached XP level 6. HP: 53/53 MP: 5/5
  2436 | D:4      | Reached skill level 5 in Axes
  2791 | D:4      | Reached skill level 5 in Fighting
  2809 | D:4      | Reached skill level 5 in Shields
  3056 | D:4      | Reached skill level 5 in Armour
  3173 | D:4      | Reached XP level 7. HP: 58/61 MP: 6/6
  3213 | D:4      | Noticed Grinder
  3216 | D:4      | Paralysed by Grinder for 2 turns
  3219 | D:4      | Paralysed by Grinder for 6 turns
  3230 | D:4      | Paralysed by Grinder for 7 turns
  3232 | D:4      | HP: 3/61 [howler monkey (2)]
  3233 | D:4      | Slain by Grinder

Levels and vault maps discovered:
D:1:      minmay_arrival_loop, layout_basic, corexii_hall_statues_i,
          st_stairs_3, chequers_big_river
D:2:      layout_basic
D:3:      layout_basic, marbit_many_paths, first_ration
D:4:      layout_rooms, yredelemnul_forgotten_temple_becter, uniq_grinder

Skill      XL: |  1  2  3  4  5  6 |
---------------+-------------------+-----
Axes           | 3 4 5 |  5.8
Shields        | 4 5 |  5.2
Fighting       | 4 5 |  5.2
Throwing       | 1 2 |  2.6
Armour         | 4 5 |  5.1

Action                   |  1- 3 |  4- 6 |  7- 9 || total
-------------------------+-------+-------+-------++-------
Melee: War axe           |    75 |   175 |     9 ||   259
       Headbutt          |     6 |    21 |     1 ||    28
Throw: Dart              |     1 |     8 |       ||     9
  Eat: Chunk             |       |     8 |       ||     8
Armor: Scale mail        |    27 |    73 |    11 ||   111
Dodge: Dodged            |    27 |    48 |     4 ||    79
Block: Shield            |    49 |    89 |     1 ||   139
